 Dungeon Crawl Stone Soup version 0.14-a0-3259-g6ecec92 (webtiles) character file.

86 MrSledge the Skirmisher (level 3, 0/29 HPs)
             Began as a Human Berserker on Mar 12, 2014.
             Was a Believer of Trog.
             Slain by an adder (2 damage)
             ... while paralysed by a potion of paralysis
             ... on Level 2 of the Dungeon.
             The game lasted 00:08:37 (929 turns).

MrSledge the Skirmisher (Human Berserker)            Turns: 929, Time: 00:08:37

HP   0/29        AC  3     Str 18      XL: 3   Next: 67%
MP   3/3         EV  2     Int 12      God: Trog [**....]
Gold 47          SH  0     Dex 12      Spells:  0 memorised,  2 levels left

rFire  . . .     SeeInvis .     l - +0 hand axe
rCold  . . .     Clarity  .     g - +0 leather armour
rNeg   . . .     Conserve .     (no shield)
rPois  +         rCorr    .     (no helmet)
rElec  .         rRot     .     (no cloak)
SustAb . .       Spirit   .     (no gloves)
rMut   .         Warding  .     (no boots)
Saprov . . .     Stasis   .     (no amulet)
MR     .....                    (no ring)
                                i - ring of poison resistance

@: paralysed, brilliant, not resistant to hostile enchantments, very unstealthy
A: no striking features
a: Burn Spellbooks, Berserk, Trog's Hand, Renounce Religion


You were on level 2 of the Dungeon.
You worshipped Trog.
Trog was pleased with you.
You were not hungry.

You visited 1 branch of the dungeon, and saw 2 of its levels.

You collected 47 gold pieces.

Inventory:

Hand weapons
 a - a +0,+0 hand axe
 e - a +0,+0 spear
 l - a +0,+0 hand axe (weapon)
 o - a +0,+0 club
Missiles
 d - 11 arrows
 f - 22 sling bullets
 p - 10 darts of flame (quivered)
Armour
 b - a +0 animal skin
 g - a +0 leather armour (worn)
 x - a +0 pair of boots
 y - a +0 leather armour
Comestibles
 c - 2 bread rations
 s - a beef jerky
Scrolls
 j - a scroll of fog {unknown}
 n - a scroll of blinking {unknown}
 q - 3 scrolls of identify {unknown}
 r - a scroll of amnesia {unknown}
 u - 3 scrolls of enchant weapon II {unknown}
 v - a scroll of enchant armour {unknown}
Jewellery
 i - a ring of poison resistance (left hand)
Potions
 k - a potion of paralysis
 t - 2 potions of poison {unknown}
 z - a potion of agility {unknown}
Books
 h - a Young Poisoner's Handbook

   Spells                             Type                      Level
   Sting                              Conjuration/Poison           1
   Cure Poison                        Poison                       2
   Mephitic Cloud                     Conjuration/Poison/Air       3
   Olgreb's Toxic Radiance            Poison                       4
   Venom Bolt                         Conjuration/Poison           5
   Trog disapproves of the use of such an item.
 m - a book of Air

   Spells                             Type                      Level
   Shock                              Conjuration/Air              1
   Swiftness                          Charms/Air                   2
   Repel Missiles                     Charms/Air                   2
   Flight                             Charms/Air                   3
   Static Discharge                   Conjuration/Air              3
   Lightning Bolt                     Conjuration/Air              5
   Trog disapproves of the use of such an item.


   Skills:
 + Level 3.6 Fighting
 + Level 3.4 Axes
 + Level 2.1 Armour
 + Level 2.5 Dodging


You had 2 spell levels left.
You didn't know any spells.

Dungeon Overview and Level Annotations

Branches:
Dungeon (2/15)

Altars:


Message History

You closely miss the adder.
The adder is heavily wounded.
You slash the giant cockroach!
You kill the giant cockroach!
Trog accepts your kill. The adder closely misses you.
You hit the adder.
The adder is almost dead.
The adder bites you.
* * * LOW HITPOINT WARNING * * *
The adder bites you.
* * * LOW HITPOINT WARNING * * *
You feel clever all of a sudden.
It was a potion of brilliance.
The adder bites you but does no damage.
You suddenly lose the ability to move!
It was a potion of paralysis.
You feel sick.
You are no longer poisoned.
The adder bites you but does no damage. The adder bites you.
You die...

.. ... ..... ......
###### ......#### #...)#
.........# #....#
....$..)S)###....########
.......%@((((....'.......
..........###....########
.........# ######
#####....# #....# ######


You could see an adder.

Vanquished Creatures
  A giant gecko (D:2)
  2 oozes (D:1)
  4 bats
  2 giant cockroaches
  3 hobgoblins
  3 giant newts
  6 goblins (D:1)
  3 jackals (D:2)
  5 kobolds
  6 rats
35 creatures vanquished.

Notes
Turn   | Place    | Note
--------------------------------------------------------------
     0 | D:1      | MrSledge, the Human Berserker, began the quest for the Orb.
     0 | D:1      | Reached XP level 1. HP: 18/18 MP: 1/1
   243 | D:1      | Reached XP level 2. HP: 24/24 MP: 2/2
   553 | D:1      | Reached XP level 3. HP: 16/29 MP: 3/3
   691 | D:2      | Acquired Trog's second power
   928 | D:2      | Paralysed by a potion of paralysis for 3 turns
   929 | D:2      | Slain by an adder

Action                   || total
-------------------------++-------
Melee: Hand axe          ||    91
  Use: Potion            ||     2
